 Dungeon Crawl Stone Soup version 0.17.1-1-g73c8601 (webtiles) character file.

6094 DeXoteric the Covert (level 10, 0/77 HPs)
             Began as a Vampire Assassin on Jan 4, 2016.
             Was a Priest of Makhleb.
             Slain by a yak (5 damage)
             ... on level 10 of the Dungeon.
             The game lasted 00:26:34 (12015 turns).

DeXoteric the Covert (Vampire Assassin)            Turns: 12015, Time: 00:26:34

Health: 0/77       AC:  8    Str: 13    XL:     10   Next: 58%
Magic:  13/13      EV: 11    Int: 15    God:    Makhleb [***...]
Gold:   527        SH:  5    Dex: 15    Spells: 2 memorised, 0 levels left

rFire  . . .     SeeInvis +     a - +2 dagger (venom)
rCold  + . .     Clarity  +     c - +2 leather armour {MR+}
rNeg   + + .     SustAt   .     m - +0 buckler
rPois  +         Gourm    .     H - +0 helmet
rElec  .         Spirit   .     d - +0 cloak
rCorr  .         Warding  .     u - +0 pair of gloves
rMut   .         Stasis   .     (no boots)
MR     ++...                    (no amulet)
Stlth  +++++.....               (no ring)
                                (no ring)

@: regenerating slowly, very resistant to hostile enchantments, quite stealthy
A: fangs 3, see invisible, clarity, unbreathing
a: Bat Form, Minor Destruction, Lesser Servant of Makhleb, Renounce Religion


You were on level 10 of the Dungeon.
You worshipped Makhleb.
Makhleb was most pleased with you.
You were very thirsty.

You visited 2 branches of the dungeon, and saw 11 of its levels.

You collected 527 gold pieces.

Inventory:

Hand Weapons
 a - a +2 dagger of venom (weapon)
 b - a +0 blowgun
 p - a +4 dagger
 I - a +2 dagger of draining
 L - a +0 long sword
Missiles
 e - 2 poisoned needles
 j - 3 needles of paralysis
 n - 5 needles of confusion
 E - 6 needles of slowing
Armour
 c - a +2 leather armour of magic resistance (worn)
 d - a +0 cloak (worn)
 m - a +0 buckler (worn)
 u - a +0 pair of gloves (worn)
 H - a +0 helmet (worn)
Wands
 J - a wand of draining (11)
Scrolls
 k - 2 scrolls of identify
 l - a scroll of holy word {unknown}
 r - a scroll of recharging {unknown}
 s - 2 scrolls of blinking {unknown}
 t - 3 scrolls of remove curse {unknown}
 w - 4 scrolls of teleportation {unknown}
 y - a scroll of amnesia {unknown}
 B - a scroll of noise {unknown}
 D - 2 scrolls of magic mapping {unknown}
 F - 2 scrolls of enchant weapon {unknown}
Potions
 f - a potion of invisibility {unknown}
 g - 15 potions of blood
 h - a potion of magic {unknown}
 i - a potion of agility {unknown}
 o - 4 potions of flight
 v - a potion of ambrosia {unknown}
 x - 2 potions of heal wounds
 z - a potion of resistance
 A - 4 potions of curing
 C - 3 potions of brilliance
 G - a potion of might
 K - 3 potions of poison {unknown}
Books
 q - a book of Party Tricks

   Spells                             Type                      Level
   a - Summon Butterflies             Summoning                    1
   b - Apportation                    Translocation                1
   c - Tukima's Dance                 Hexes                        3
   d - Alistair's Intoxication        Transmutation/Poison         4
   e - Invisibility                   Hexes                        6


   Skills:
 - Level 6.4 Fighting
 + Level 10.0 Short Blades
 - Level 1.5 Throwing
 - Level 1.1 Dodging
 - Level 10.1 Stealth
 - Level 4.1 Shields
 + Level 9.9 Hexes
 + Level 4.9 Invocations


You couldn't memorise any spells.
You knew the following spells:

 Your Spells              Type           Power        Failure   Level  Hunger
r - Regeneration          Chrm/Necr      #.........   89%         3    ####...
z - Invisibility          Hex            ####....     90%         6    #######


Dungeon Overview and Level Annotations

Branches:
Dungeon (10/15)            Temple (1/1) D:5             Orc (0/4) D:9
   Lair: D:8-11

Altars:
Ashenzari
Cheibriados
Dithmenos
Elyvilon
Fedhas
Gozag
Kikubaaqudgha
Makhleb
Nemelex Xobeh
Okawaru
Qazlal
Ru
Sif Muna
Trog
Vehumet
Xom
Yredelemnul
Zin
The Shining One

Annotations:
D:9 3 runed doors, exclusion: ice statue


Innate Abilities, Weirdness & Mutations

You heal slowly.
You have razor-sharp teeth.
You have supernaturally acute eyesight.
You can survive without breathing.
You possess an exceptional clarity of mind.


Message History

You hit the yak but do no damage. You hit the yak but do no damage.
The yak closely misses you. The yak gores you! The yak closely misses you.
You take 11 damage, and have 39/77 hp.
You hit the yak.
An orc comes into view. It is wielding a hand axe.
You hit the yak. You bite the yak, but do no damage. The yak gores you.
* * * LOW HITPOINT WARNING * * *
The yak gores you!
* * * LOW HITPOINT WARNING * * *
The yak gores you.
* * * LOW HITPOINT WARNING * * *
You take 21 damage, and have 18/77 hp.
MASSIVE DAMAGE!!
You hit the yak. You hit the yak. The yak gores you!
* * * LOW HITPOINT WARNING * * *
The yak gores you.
* * * LOW HITPOINT WARNING * * *
The yak gores you.
You die...

##.. #..#.#. .###..#
......# #.##... .......#
#..###..##.##..# #..Y..#
...##.......#..# ###...Y.
...o............ .......#
...##....>..#..# #.....
...##......)..##
#....##Y..##.........##
#..:.YVY...........#.##
###....####..........#.##
#..(....................#
...##..#....#............#
## #..#....#..#####..#.##
#..#.......## ##.#.##
#...........## #.#.#.
#...##.......####.#...
#... ###...#..........


You could see 3 yaks and an orc.

Vanquished Creatures
  Pikel (D:7)
  A troll (D:9)
  A two-headed ogre (D:9)
  3 wyverns
  Sigmund (D:3)
  A deep elf mage (D:10)
  2 yaks
  A hippogriff (D:5)
  A hungry ghost (D:7)
  A human (D:8)
  3 ice beasts
  3 slaves (D:8)
  A necrophage (D:7)
  2 orc warriors
  A phantom (D:4)
  3 sky beasts
  3 ogres
  3 centaurs (D:7)
  A big kobold (D:9)
  8 giant frogs
  A scorpion (D:7)
  3 crimson imps
  A giant frog zombie (D:9)
  A quasit (D:7)
  2 giant frog skeletons
  4 hounds
  9 orc priests
  2 jellies
  4 iguanas
  Jessica (D:2)
  Terence (D:2)
  14 orc wizards
  A killer bee zombie (D:8)
  4 worker ants
  3 sheep (D:8)
  A hound skeleton (D:8)
  6 gnolls
  A worker ant zombie (D:9)
  13 adders
  2 shadow imps
  3 oozes
  An adder zombie (D:5)
  4 worms
  4 giant geckos
  30 orcs
  3 ball pythons
  4 giant cockroaches
  8 hobgoblins
  7 jackals
  6 quokkas
  7 bats
  A giant gecko skeleton (D:8)
  8 giant newts
  8 goblins
  A jackal zombie (D:6)
  8 kobolds
  7 rats
225 creatures vanquished.

Vanquished Creatures (others)
  An orc (D:4)
  A giant newt (D:4)
2 creatures vanquished.

Grand Total: 227 creatures vanquished

Notes
Turn   | Place    | Note
--------------------------------------------------------------
     0 | D:1      | DeXoteric the Vampire Assassin began the quest for the Orb.
     0 | D:1      | Reached XP level 1. HP: 16/16 MP: 1/1
   507 | D:1      | Reached XP level 2. HP: 22/22 MP: 2/2
   565 | D:1      | Reached skill level 1 in Shields
   744 | D:2      | Noticed Jessica
   764 | D:2      | Killed Jessica
   764 | D:2      | Reached skill level 6 in Stealth
   764 | D:2      | Reached XP level 3. HP: 27/27 MP: 3/3
  1037 | D:2      | Reached XP level 4. HP: 33/33 MP: 4/4
  1223 | D:2      | Noticed Terence
  1225 | D:2      | Killed Terence
  1537 | D:3      | Found an opulent altar of Gozag.
  1553 | D:3      | Found a faded altar to an unknown god.
  1761 | D:3      | Reached XP level 5. HP: 39/39 MP: 5/5
  1777 | D:3      | Noticed Sigmund
  1801 | D:3      | Killed Sigmund
  1801 | D:3      | Reached skill level 7 in Stealth
  1801 | D:3      | Reached XP level 6. HP: 26/47 MP: 6/6
  2362 | D:4      | Found a white marble altar of Elyvilon.
  2440 | D:4      | Found a stormy altar of Qazlal.
  2620 | D:4      | Found a shimmering altar of Xom.
  2634 | D:4      | Reached skill level 8 in Stealth
  2711 | D:4      | Reached XP level 7. HP: 18/53 MP: 7/7
  3865 | D:5      | Entered Level 5 of the Dungeon
  3937 | D:5      | Found a radiant altar of Vehumet.
  3947 | D:5      | Reached skill level 5 in Short Blades
  4028 | D:5      | Reached skill level 9 in Stealth
  4383 | D:5      | Reached XP level 8. HP: 61/61 MP: 8/8
  4385 | D:5      | Found a glowing golden altar of the Shining One.
  4508 | D:5      | Found a staircase to the Ecumenical Temple.
  4514 | Temple   | Entered the Ecumenical Temple
  4821 | D:6      | Reached skill level 10 in Stealth
  4838 | D:6      | Learned a level 6 spell: Invisibility
  5036 | D:6      | Reached skill level 5 in Fighting
  5036 | D:6      | Reached skill level 1 in Hexes
  6131 | D:7      | Found a burning altar of Makhleb.
  6144 | D:7      | Became a worshipper of Makhleb the Destroyer
  6166 | D:7      | Reached XP level 9. HP: 67/67 MP: 9/9
  6225 | D:7      | Reached skill level 5 in Hexes
  6787 | D:7      | Reached * piety under Makhleb
  7326 | D:7      | Gained mutation: You possess an exceptional clarity of mind. [potion of beneficial mutation]
  7341 | D:8      | Noticed Pikel
  7448 | D:7      | Killed Pikel
  8172 | D:8      | Reached XP level 10. HP: 75/75 MP: 12/12
  8622 | D:8      | Found a shadowy altar of Dithmenos.
  8673 | D:8      | Reached ** piety under Makhleb
  8734 | D:8      | Found a bloodstained altar of Trog.
  9397 | D:9      | Found a deep blue altar of Sif Muna.
  9464 | D:9      | Found a sparkling altar of Nemelex Xobeh.
  9464 | D:9      | Found a runed door.
 10607 | D:9      | Found a runed door.
 10651 | D:9      | Found a runed door.
 10662 | D:9      | Found a runed door.
 11261 | D:9      | Reached *** piety under Makhleb
 11482 | D:9      | Found a staircase to the Orcish Mines.
 11614 | D:10     | Entered Level 10 of the Dungeon
 11935 | D:10     | Reached skill level 10 in Short Blades
 11977 | D:10     | Learned a level 3 spell: Regeneration
 12015 | D:10     | Slain by a yak

Action                   |  1- 3 |  4- 6 |  7- 9 | 10-12 || total
-------------------------+-------+-------+-------+-------++-------
Melee: Dagger            |    63 |   141 |   573 |   367 ||  1144
 Fire: Blowgun           |     3 |       |    34 |    29 ||    66
  Use: Potion            |       |     3 |    14 |     5 ||    22
       Scroll            |       |       |     9 |       ||     9
 Stab: Sleeping          |    11 |     7 |    24 |    13 ||    55
       Distracted        |       |       |     2 |     1 ||     3
       Paralysed         |       |       |       |     6 ||     6
